 Dungeon Sprint DCSS version 0.27-a0-1532-gca18f49f40 (webtiles) character file.

Game seed: 17031500866408986581

7076 mhtbhm the Peltast (level 10, -1/101 HPs)
             Began as a Minotaur Fighter on July 12, 2021.
             Was the Champion of Qazlal.
             Slain by a boulder beetle (22 damage)
             ... in the Dungeon (Sprint VII: "The Pits").
             The game lasted 00:03:09 (1355 turns).

mhtbhm the Peltast (Minotaur Fighter)               Turns: 1355, Time: 00:03:09

Health: -1/101     AC: 21    Str: 27    XL:     10   Next: 84%
Magic:  13/13      EV: 14    Int:  5    God:    Qazlal [******]
Gold:   0          SH: 23    Dex: 10    Spells: 9/9 levels left

rFire    . . .     SeeInvis .   a - +1 broad axe (vorpal)
rCold    . . .     Faith    .   c - +0 kite shield
rNeg     . . .     Spirit   .   b - +4 chain mail
rPois    .         Reflect  .   (helmet restricted)
rElec    .         Harm     .   (no cloak)
rCorr    .         Rampage  .   (no gloves)
Will     .....     NoTele   +   q - +0 pair of boots
Stlth    ..........             (no amulet)
HPRegen  0.26/turn              n - +3 ring of evasion
MPRegen  0.13/turn              o - +3 ring of strength

@: mighty, protected from physical damage, repel missiles
A: horns 2, retaliatory headbutt
a: Renounce Religion, Upheaval, Elemental Force, Disaster Area


You were in the Dungeon.
You worshipped Qazlal.
Qazlal was exalted by your worship.
You visited 1 branch

Inventory:

Hand Weapons
 a - a +1 vorpal broad axe (weapon)
Armour
 b - a +4 chain mail (worn)
 c - a +0 kite shield (worn)
 q - a +0 pair of boots (worn)
Jewellery
 n - a +3 ring of evasion (left hand)
 o - a +3 ring of strength (right hand)
Scrolls
 j - a scroll of blinking
 l - 5 scrolls of amnesia
 m - a scroll of summoning
Potions
 d - a potion of might
 e - 4 potions of curing
 f - 7 potions of heal wounds
 g - 2 potions of haste
 h - 4 potions of magic
 i - 3 potions of berserk rage
 k - 2 potions of invisibility
 p - 2 potions of brilliance


   Skills:
 + Level 13.2 Fighting
 + Level 15.7 Axes
 + Level 13.1 Armour
 + Level 6.3 Dodging
 + Level 0.1 Stealth
 + Level 16.4 Shields
 * Level 5.9 Invocations


You had 9 spell levels left.
You didn't know any spells.
Your spell library was empty.

Dungeon Overview and Level Annotations

Branches:
Dungeon (1/1)

Altars:
Ashenzari
Cheibriados
Dithmenos
Elyvilon
Fedhas
Gozag
Hepliaklqana
Kikubaaqudgha
Makhleb
Nemelex Xobeh
Okawaru
Qazlal
Ru
Sif Muna
Trog
Uskayaw
Vehumet
Wu Jian
Xom
Yredelemnul
Zin
The Shining One
Beogh
Jiyva
Lugonu


Innate Abilities, Weirdness & Mutations

You have a pair of horns on your head.
You reflexively headbutt those who attack you in melee.


Message History

You closely miss the wolf. You block the wolf's attack. x2
You hit the orc. Your headbutt misses the orc.
The orc is almost dead.
You closely miss the wolf. You block the orc's attack.
You block the wolf's attack.
Unknown command.
You are too injured to fight recklessly!
You barely miss the orc.
The orc is almost dead.
You barely miss the wolf. You block the wolf's attack.
You block the orc's attack.
You slice the orc!!
You kill the orc!
Qazlal accepts your kill.
You slice the wolf!!
You kill the wolf!
Qazlal accepts your kill.
Items here: ( )))) [[ †.
Unknown command.
You block the deep elf zephyrmancer's attack.
Items here: )) [[ †††.
You block the deep elf zephyrmancer's attack.
You slash the deep elf zephyrmancer!
The deep elf zephyrmancer is heavily wounded.
You block the deep elf zephyrmancer's attack.
You slice the deep elf zephyrmancer!!
You kill the deep elf zephyrmancer!
Qazlal accepts your kill.
The boulder beetle leaps!
The boulder beetle curls into a ball and begins rolling!
Things that are here:
a +0 short sword; an elf corpse
Items here: ( )))) [[ †.
The boulder beetle hits you!!
* * * LOW HITPOINT WARNING * * *
The boulder beetle stops rolling and uncurls.
There is an open door, spattered with blood here.
Items here: )))) [[ ††††.
The boulder beetle bites you!!
You die...

'#####''###### ....##''#####
##### ....##......# ......
....##......# ....
<...###....## ####...##
....# ##''## ###..'...' .
....###))).###..○.##'## ...
....##......#...)##)°.##....
######......'.[○@)))...'....
######......#.§○B##)°.##...
..[[###....###..))##'##
..[.# ##†)## ###..'..°'
..))# #....# ####...##
..))##......# ......
..))##......# .......
############# ########


You could see a boulder beetle.

Vanquished Creatures
  2 two-headed ogres (D)
  A shadow wraith (D)
  A swamp dragon (D)
  An orc knight (D)
  A deep elf zephyrmancer (D)
  A cyclops (D)
  A molten gargoyle (D)
  A rime drake (D)
  2 trolls (D)
  A hornet (D)
  A snapping turtle (D)
  A flying skull (D)
  A redback (D)
  Grum (D)
  A warg (D)
  An acid dragon (D)
  3 orc warriors (D)
  A sky beast (D)
  3 wolves (D)
  An ogre (D)
  An earth elemental (D)
  A gnoll sergeant (D)
  2 scorpions (D)
  4 killer bees (D)
  4 orc priests (D)
  A jelly (D)
  An iron imp (D)
  Jessica (D)
  An iguana (D)
  5 orc wizards (D)
  A mummy (D)
  4 gnolls (D)
  2 adders (D)
  15 orcs (D)
  2 ball pythons (D)
  A bat zombie (D)
  2 endoplasms (D)
  A hobgoblin (D)
  A quokka (D)
  2 kobolds (D)
78 creatures vanquished.

Notes
Turn   | Place    | Note
-------+----------+-------------------------------------------
     0 | D        | mhtbhm the Minotaur Fighter began the quest for the Orb.
     0 | D        | Reached XP level 1. HP: 19/19 MP: 0/0
    19 | D        | Found a bloodstained altar of Trog.
    19 | D        | Found a shimmering blue altar of Sif Muna.
    19 | D        | Found a viscous altar of Jiyva.
    19 | D        | Found a hazy altar of Hepliaklqana.
    19 | D        | Found an opulent altar of Gozag.
    20 | D        | Found a glowing golden altar of the Shining One.
    20 | D        | Found a glowing silver altar of Zin.
    20 | D        | Found a basalt altar of Yredelemnul.
    20 | D        | Found a shimmering altar of Xom.
    20 | D        | Found an ornate altar of the Wu Jian Council.
    20 | D        | Found a sacrificial altar of Ru.
    20 | D        | Found a stormy altar of Qazlal.
    20 | D        | Found an iron altar of Okawaru.
    20 | D        | Found a sparkling altar of Nemelex Xobeh.
    20 | D        | Found a burning altar of Makhleb.
    20 | D        | Found a blossoming altar of Fedhas.
    20 | D        | Found a white marble altar of Elyvilon.
    20 | D        | Found a shadowy altar of Dithmenos.
    20 | D        | Found a snail-covered altar of Cheibriados.
    22 | D        | Found a radiant altar of Vehumet.
    22 | D        | Found a corrupted altar of Lugonu.
    23 | D        | Found a hide-covered altar of Uskayaw.
    23 | D        | Found an ancient bone altar of Kikubaaqudgha.
    23 | D        | Found a broken altar of Ashenzari.
    27 | D        | Became a worshipper of Qazlal Stormbringer
    73 | D        | Reached skill level 4 in Shields
    73 | D        | Reached XP level 2. HP: 28/28 MP: 1/1
   167 | D        | Reached * piety under Qazlal
   175 | D        | Noticed a scorpion
   184 | D        | Killed a scorpion
   185 | D        | Reached skill level 6 in Shields
   185 | D        | Reached XP level 3. HP: 28/37 MP: 2/2
   185 | D        | Reached XP level 4. HP: 33/44 MP: 3/3
   360 | D        | Noticed a warg
   360 | D        | Noticed a scorpion
   370 | D        | Killed a scorpion
   370 | D        | Reached ** piety under Qazlal
   371 | D        | Reached skill level 7 in Shields
   373 | D        | Killed a warg
   374 | D        | Reached skill level 5 in Axes
   374 | D        | Reached skill level 1 in Dodging
   374 | D        | Reached skill level 8 in Shields
   374 | D        | Reached XP level 5. HP: 43/56 MP: 4/4
   487 | D        | Reached *** piety under Qazlal
   488 | D        | Reached XP level 6. HP: 61/62 MP: 5/5
   492 | D        | Reached skill level 9 in Shields
   495 | D        | Reached **** piety under Qazlal
   502 | D        | Reached ***** piety under Qazlal
   524 | D        | Reached skill level 10 in Shields
   758 | D        | Noticed Jessica
   758 | D        | Noticed a flying skull
   762 | D        | Killed a flying skull
   763 | D        | Reached skill level 10 in Armour
   763 | D        | Reached XP level 7. HP: 65/71 MP: 6/6
   763 | D        | Killed Jessica
   778 | D        | Noticed a swamp dragon
   783 | D        | Reached ****** piety under Qazlal
   787 | D        | Reached skill level 10 in Fighting
   787 | D        | Reached skill level 11 in Shields
   801 | D        | Killed a swamp dragon
   802 | D        | Reached skill level 10 in Axes
   802 | D        | Reached skill level 12 in Shields
   802 | D        | Reached XP level 8. HP: 52/80 MP: 7/7
   995 | D        | Killed a shadow wraith
   996 | D        | Reached skill level 13 in Shields
  1113 | D        | Noticed a rime drake
  1113 | D        | Noticed a two-headed ogre
  1117 | D        | Reached XP level 9. HP: 83/89 MP: 8/8
  1118 | D        | Killed a two-headed ogre
  1119 | D        | Reached skill level 14 in Shields
  1127 | D        | Killed a rime drake
  1128 | D        | Reached skill level 5 in Dodging
  1187 | D        | Noticed a troll
  1191 | D        | Killed a troll
  1195 | D        | Reached skill level 15 in Shields
  1296 | D        | Noticed an orc knight
  1299 | D        | Noticed a molten gargoyle
  1304 | D        | Noticed Grum
  1304 | D        | Noticed a boulder beetle
  1307 | D        | Noticed a deep elf zephyrmancer
  1309 | D        | Reached skill level 1 in Invocations
  1310 | D        | Noticed a cyclops
  1311 | D        | Reached XP level 10. HP: 77/97 MP: 8/10
  1321 | D        | Killed an orc knight
  1324 | D        | Killed a molten gargoyle
  1328 | D        | Killed Grum
  1328 | D        | Noticed a two-headed ogre
  1329 | D        | Killed a cyclops
  1338 | D        | Reached skill level 15 in Axes
  1341 | D        | Reached skill level 16 in Shields
  1341 | D        | Killed a two-headed ogre
  1342 | D        | Reached skill level 5 in Invocations
  1351 | D        | Killed a deep elf zephyrmancer
  1355 | D        | Slain by a boulder beetle

Illustrated notes

Levels and vault maps discovered:
D:        pitsprint [storerooms_1, entrance_room_1, metal_vault_2, armoury_1,
          mini_pit_1, grid_room_1, main_hall_1, silver_pit, the_coven_2,
          the_vestibule_1, steel_vault_3, golden_pit, hallway_of_sentries,
          crystal_vault_2, iron_vault_4, final_vault]

Skill      XL: |  1  2  3  4  5  6  7  8  9 10 |
---------------+-------------------------------+-----
Fighting       | 4 6 8 9 10 11 12 13 | 13.2
Armour         | 4 6 8 10 11 12 13 | 13.1
Shields        | 4 6 8 10 12 13 15 16 | 16.4
Axes           | 3 5 8 10 11 13 15 | 15.7
Dodging        | 1 3 4 5 6 |  6.3
Invocations    | 1 5 |  5.9
Stealth        | |  0.1

Action                   |  1- 3 |  4- 6 |  7- 9 | 10-12 || total
-------------------------+-------+-------+-------+-------++-------
Melee: Hand axe          |    19 |    71 |    30 |       ||   120
       War axe           |     2 |       |       |       ||     2
       Headbutt          |     4 |    22 |    15 |     8 ||    49
       Broad axe         |       |       |    40 |    34 ||    74
  Use: Potion            |       |     4 |     3 |     1 ||     8
Armor: Scale mail        |     9 |     4 |       |       ||    13
       Chain mail        |       |    16 |    34 |     5 ||    55
Dodge: Dodged            |     7 |    16 |    31 |     6 ||    60
       Repelled          |       |       |       |     1 ||     1
Block: Kite shield       |    10 |    50 |   111 |    47 ||   218

Table legend: (Time is in decaauts)
 A = Elapsed time spent in this place.
 B = Non-inter-level travel time spent in this place.
 C = Inter-level travel time spent in this place.
 D = Time resting spent in this place.
 E = Time spent auto-exploring this place.
 F = Levels seen in this place.
 G = Mean time per level.
                   A        B        C        D        E       F      G
               +--------+--------+--------+--------+--------+-----+--------+
         Total |   1364 |   1364 |      0 |    740 |    141 |   1 | 1364.0 |
       Dungeon |   1364 |   1364 |      0 |    740 |    141 |   1 | 1364.0 |
               +--------+--------+--------+--------+--------+-----+--------+

Top non-repeatable levels by time:
       D: 1364 daAuts
